AoeStats
← BobbyBenz

Arabia

509941018Analyzed
2v2 RM · 3d ago on Sep 28, 2026· 35m 26s· 4 players
Game mode
Random Map
Map size
Medium (4 player)
Population
200
Speed
Normal
Resources
Standard
Victory
Conquest
Starting age
Dark Age
Ending age
Imperial Age
RankedLock teamsTeams togetherTeam positionsShared explorationLock speedFull tech treeHidden civsTurbo modeCheats
Victory
Defeat
🇩🇪 Persians · Germany
1293
+14
🇦🇹 Britons · Austria
1199
+17
🇹🇷 Chinese · Türkiye
1277
-17
🇩🇪 Huns · Germany
1198
-14
Aquisgranensis_MCM
6:08 Loom
8:57 Feudal Age
9:27 Double-Bit Axe
16:46 Scale Barding Armor
20:39 Castle Age
20:40 Forging
21:30 Wheelbarrow
20:45 Horse Collar
21:19 Bloodlines
25:03 Chain Barding Armor
27:15 Iron Casting
29:55 Husbandry
BobbyBenz
5:34 Loom
8:43 Feudal Age
9:12 Double-Bit Axe
13:18 Fletching
16:50 Horse Collar
24:51 Castle Age
23:54 Gold Mining
24:54 Crossbowman
25:31 Bodkin Arrow
26:15 Padded Archer Armor
26:31 Bow Saw
27:12 Heavy Plow
27:54 Gold Shaft Mining
34:33 Imperial Age
33:24 Wheelbarrow
32:46 Stone Mining
34:19 Ballistics
35:09 Hand Cart
34:45 Arbalester
Han.
7:17 Loom
10:29 Feudal Age
12:00 Horse Collar
12:41 Double-Bit Axe
17:27 Town Watch
21:18 Castle Age
19:35 Fletching
22:19 Padded Archer Armor
23:11 Bow Saw
22:54 Pikeman
24:27 Thumb Ring
25:28 Bodkin Arrow
29:24 Heavy Plow
29:43 Gold Mining
32:41 Ballistics
33:49 Gold Shaft Mining
35:15 Bloodlines
35:39 Husbandry
Selat09
0:30 Loom
10:19 Feudal Age
13:00 Double-Bit Axe
15:25 Fletching
19:55 Town Watch
22:19 Castle Age
21:27 Scale Barding Armor
22:31 Bloodlines
23:38 Chain Barding Armor
26:57 Gold Mining
28:36 Forging
31:08 Iron Casting
32:36 Husbandry
Connection lost

Rejoining the realm…

Still unreachable

The connection could not be restored.

Session expired

The server has moved on; the page needs a fresh start.